 Dungeon Crawl Stone Soup version 0.30.0-30-g96aa6591b8 (webtiles) character file.

Game seed: 17622669883762136244

66612 qw the Severer (level 15, -5/95 (96) HPs)
             Began as a Gargoyle Fighter on June 29, 2023.
             Was an Elder of Okawaru.
             Killed from afar by Frances (21 damage)
             ... with an iron shot
             ... on level 14 of the Dungeon.
             The game lasted 00:11:23 (21692 turns).

qw the Severer (Gargoyle Fighter)                  Turns: 21692, Time: 00:11:24

HP:   -5/95 (96)    AC: 36    Str: 33    XL:     15   Next: 20%
MP:   21/22         EV: 11    Int:  9    God:    Okawaru [****..]
Gold: 1529          SH:  7    Dex:  9    Spells: 14/14 levels left

rFire   . . .        Y - +5 broad axe
rCold   . . .        c - +0 buckler
rNeg    + . .        u - +3 plate armour {rPois}
rPois   inf          (no helmet)
rElec   +            (no cloak)
rCorr   .            k - +2 pair of gloves
SInv    .            e - +0 pair of boots
Will    +....        v - amulet of the acrobat Stlth
                     t - +6 ring of strength
HPRegen 0.35/turn    l - +4 ring of slaying {mikee}
MPRegen 0.18/turn

%: acrobat
@: about to teleport, heroic, flying, lightly drained
A: sickness immunity, AC +11, big wings, negative energy resistance 1,
electricity resistance, torment resistance 1, petrification resistance
a: Renounce Religion, Heroism, Finesse


You were on level 14 of the Dungeon.
You worshipped Okawaru.
Okawaru was greatly pleased with you.
You visited 3 branches of the dungeon, and saw 20 of its levels.

You collected 1529 gold pieces.


Innate Abilities, Weirdness & Mutations

You are immune to sickness and miasma.
Your stone body is resilient. (AC +11)
You are immune to poison.
Your large and strong wings let you fly.
You resist negative energy. (rN+)
You are resistant to electric shocks. (rElec)
You are resistant to unholy torment.
You are immune to petrification.


   Skills:
 + Level 12.1(17.1) Fighting
 - Level 17.0(22.0) Axes
 - Level 4.4(9.4) Throwing
 - Level 11.1(16.1) Armour
 - Level 3.0(8.0) Dodging
 - Level 8.0(13.0) Shields
 - Level 10.0 Invocations


You had 14 spell levels left.
You didn't know any spells.
Your spell library was empty.

Inventory:

Hand Weapons
 s - a +1 war axe of flaming
 Y - a +5 broad axe (weapon)
Missiles
 h - 2 boomerangs (quivered)
Armour
 b - +0 acid dragon scales
 c - a +0 buckler (worn)
 e - a +0 pair of boots (worn)
 k - a +2 pair of gloves (worn)
 u - a +3 plate armour of poison resistance (worn)
Jewellery
 l - a +4 ring of slaying (right hand) {mikee}
 t - a +6 ring of strength (left hand)
 v - an amulet of the acrobat (around neck)
Scrolls
 a - 17 scrolls of identify
 r - 3 scrolls of teleportation
Potions
 d - 4 potions of might
 f - 6 potions of curing
 g - 5 potions of resistance
 i - 3 potions of haste
 j - 5 potions of mutation
 m - 3 potions of magic
 n - 3 potions of attraction
 o - a potion of lignification
 p - 7 potions of heal wounds
 q - a potion of cancellation

Dungeon Overview and Level Annotations

Branches:
Dungeon (14/15)            Temple (1/1) D:4            Lair (5/5) D:11
  Swamp (0/4) Lair:3       Spider (0/4) Lair:2        Slime (0/5) Lair:4
    Orc (0/2) D:12         Vaults (0/5) D:13

Altars:
Ashenzari
Cheibriados
Dithmenos
Elyvilon
Fedhas
Gozag
Hepliaklqana
Kikubaaqudgha
Makhleb
Okawaru
Qazlal
Ru
Sif Muna
Trog
Uskayaw
Vehumet
Xom
Yredelemnul
Zin
The Shining One
Jiyva

Shops:
D:4 [

Annotations:
D:8 8 transporters, qw's ghost, novice GrFi
D:10 2 runed translucent doors
D:14 Frances
Lair:2 exclusions: lava snake and orange crystal statue


Message History

You barely miss the neqoxec.
The neqoxec hits you but does no damage.
You block the soul eater's attack.
Frances chants phrases taken from a devil's mouth.
The iron shot hits you!!
You hit Frances.
Frances is almost dead.
You hit the soul eater but do no damage.
You closely miss the neqoxec. You hit the hellwing but do no damage.
The hellwing closely misses you.
The hellwing hits you but does no damage.
Frances drinks a potion.
Frances is healed!
The soul eater barely misses you.
The neqoxec hits you but does no damage.
You barely miss Frances.
Frances is almost dead.
You hit the hellwing. You hit the soul eater. You slice the neqoxec!!
Frances says, "I value strength and power.
I see none of this in you." You block Frances's attack.
The hellwing closely misses you.
The hellwing hits you but does no damage.
The soul eater hits you but does no damage.
The neqoxec hits you but does no damage.
You closely miss Frances.
Frances is almost dead.
You hit the soul eater. You slash the neqoxec! You barely miss the hellwing.
Frances barely misses you. The hellwing hits you! x2
You slash Frances!
Frances is almost dead.
You closely miss the hellwing. You hit the soul eater.
You barely miss the neqoxec.
Frances screams a word of power!
The shard of ice hits you! The soul eater closely misses you.
The neqoxec gestures at you.
Something tries to feed on your intellect!
21692 ||| READING 4 scrolls of teleportation.
As you read the scroll of teleportation, it crumbles to dust.
You feel strangely unstable.
You carefully extract the barbed spikes from your body.
Frances whispers indecipherable words.
The iron shot hits you!!
You die...

##........#
..........#
....#
.........#
....#
#.......#
....#
#.......#
....#
#.......#
....#
#...@33.#
....#
#...4@..#
....#
#.......#
....#
#.......#
....#
#.#####.#
....# #.
#.# #.#
....# #(#
#.# #.#
)...# #.#
#.# #.#
###.# #.#
#.# #.# #
#.# #.###.#
#.#


You could see Frances (fast), a soul eater (summoned), a hellwing (summoned) and
a neqoxec (summoned).

Vanquished Creatures
  Roxanne (D:14)
  Josephine (D:14)
  5 hydras
  3 catoblepae (Lair:5)
  3 centaur warriors
  2 boulder beetles
  2 dancing weapons (D:13)
  6 death yaks
  3 two-headed ogres
  Sonja (Lair:5)
  A pharaoh ant (Lair:2)
  2 skysharks
  An orc knight (D:12)
  8 ugly things (D:14)
  5 cyclopes
  2 black mambas
  9 elephants
  3 torpor snails
  3 gargoyles
  16 cane toads
  An unseen horror (D:12)
  A rime drake (Lair:2)
  14 komodo dragons
  An efreet (D:14)
  6 polar bears
  4 hornets (Lair:5)
  4 trolls
  A tarantella (Lair:2)
  10 blink frogs
  3 dream sheep (Lair:5)
  A centaur simulacrum (D:14)
  11 slime creatures (D:12)
  A jumping spider (Lair:2)
  A shadow (D:10)
  38 yaks
  Sigmund (D:6)
  4 wyverns
  12 spriggans (Lair:5)
  3 vampires
  5 wraiths
  3 basilisks
  2 steam dragons
  3 vampire mosquitoes (D:11)
  A warg (D:12)
  5 acid dragons
  11 water moccasins
  10 orc warriors
  9 black bears
  2 ice beasts
  2 ogres
  26 wolves
  11 centaurs
  3 boggarts (Lair:5)
  A phantom (D:5)
  A kobold brigand (D:9)
  14 bullfrogs
  2 gnoll sergeants
  2 scorpions
  14 killer bees
  2 electric eels (D:9)
  2 vampire bats (D:5)
  5 howler monkeys
  2 hounds (D:5)
  7 orc priests
  3 gnoll boudas
  6 jellies
  2 sleepcaps
  5 orc wizards
  Natasha (thrice) (D:2)
  10 iguanas
  16 gnolls
  10 adders
  A shadow imp (D:7)
  5 white imps
  2 ufetubi
  A dart slug (D:1)
  31 orcs
  11 bats
  11 endoplasms
  2 giant cockroaches (D:1)
  9 hobgoblins
  11 kobolds
  5 quokkas
  7 ball pythons
  3 frilled lizards
  6 goblins
  7 rats
506 creatures vanquished.

Notes
Turn   | Place    | Note
-------+----------+-------------------------------------------
     0 | D:1      | qw the Gargoyle Fighter began the quest for the Orb.
     0 | D:1      | Reached XP level 1. HP: 14/14 MP: 1/1
     0 | D:1      | 0 ||| qw: Version: 0.3-a-24-g47d1e69
     0 | D:1      | 0 ||| qw: Game counter: 1533
     0 | D:1      | 0 ||| qw: Melee chars always use a shield: true
     0 | D:1      | 0 ||| qw: God list: Okawaru
     0 | D:1      | 0 ||| qw: Allow faded altars: false
     0 | D:1      | 0 ||| qw: Do Orc after clearing Dungeon:15 true
     0 | D:1      | 0 ||| qw: Do second Lair branch before Depths: true
     0 | D:1      | 0 ||| qw: Lair rune preference: random
     0 | D:1      | 0 ||| qw: Goals: Normal, Zot:1-4, Slime:5, God:TSO, Crypt,
                  | Tomb, Abyss, Pan, Hells, Win
     0 | D:1      | 0 ||| PLANNING D:1-11
   106 | D:1      | Reached skill level 2 in Axes
   176 | D:1      | HP: 3/14 [frozen (3)]
   245 | D:1      | Reached XP level 2. HP: 16/19 MP: 2/2
   705 | D:1      | 705 ||| READING scroll labelled JOLIURPH REUC.
   706 | D:1      | 706 ||| READING scroll labelled TEMIELIGONN.
   724 | D:2      | Reached skill level 3 in Axes
   757 | D:2      | Reached XP level 3. HP: 23/23 MP: 3/3
   760 | D:2      | 760 ||| Stepping ~*~*~tactically~*~*~ (stealth).
   779 | D:2      | Noticed Natasha
   787 | D:2      | Killed Natasha
   794 | D:2      | 794 ||| Stepping ~*~*~tactically~*~*~ (stealth).
   803 | D:2      | Reached XP level 4. HP: 24/28 MP: 4/4
   835 | D:2      | 835 ||| Stepping ~*~*~tactically~*~*~ (stealth).
   836 | D:2      | 836 ||| Stepping ~*~*~tactically~*~*~ (stealth).
   926 | D:2      | Noticed Natasha
   935 | D:2      | Killed Natasha
   936 | D:2      | Reached skill level 4 in Axes
   943 | D:2      | Noticed Natasha
   950 | D:2      | Killed Natasha
   967 | D:2      | Reached XP level 5. HP: 31/32 MP: 5/5
  1107 | D:2      | 1107 ||| Stepping ~*~*~tactically~*~*~ (hiding).
  1305 | D:2      | 1305 ||| Stepping ~*~*~tactically~*~*~ (stealth).
  1430 | D:2      | 1430 ||| READING 3 scrolls labelled IQESYL MUGEEM.
  1431 | D:2      | 1431 ||| READING scroll labelled CEOHIE USHRI.
  1432 | D:2      | 1432 ||| READING scroll labelled ILAECAZ ZAFO.
  1433 | D:2      | 1433 ||| READING scroll labelled HOARAFY SYJOSTRI.
  1434 | D:2      | 1434 ||| DRINKING 2 bubbling yellow potions.
  1435 | D:2      | 1435 ||| READING 2 scrolls of identify.
  1435 | D:2      | 1435 ||| IDENTIFYING blue potion
  1436 | D:2      | 1436 ||| DROPPING potion of degeneration.
  1478 | D:3      | 1478 ||| Stepping ~*~*~tactically~*~*~ (stealth).
  1479 | D:3      | 1479 ||| Stepping ~*~*~tactically~*~*~ (stealth).
  1480 | D:3      | 1480 ||| Stepping ~*~*~tactically~*~*~ (stealth).
  1481 | D:3      | 1481 ||| Stepping ~*~*~tactically~*~*~ (stealth).
  1589 | D:3      | 1589 ||| Stepping ~*~*~tactically~*~*~ (hiding).
  1592 | D:3      | 1592 ||| Stepping ~*~*~tactically~*~*~ (hiding).
  1593 | D:3      | 1593 ||| Stepping ~*~*~tactically~*~*~ (hiding).
  1594 | D:3      | 1594 ||| Stepping ~*~*~tactically~*~*~ (hiding).
  1595 | D:3      | 1595 ||| Stepping ~*~*~tactically~*~*~ (hiding).
  1596 | D:3      | 1596 ||| Stepping ~*~*~tactically~*~*~ (hiding).
  1597 | D:3      | 1597 ||| Stepping ~*~*~tactically~*~*~ (hiding).
  1598 | D:3      | 1598 ||| Stepping ~*~*~tactically~*~*~ (hiding).
  1610 | D:3      | Reached skill level 5 in Axes
  1669 | D:3      | 1669 ||| DROPPING +0 mace.
  1751 | D:3      | Found an opulent altar of Gozag.
  1940 | D:3      | Found a bloodstained altar of Trog.
  1986 | D:3      | 1986 ||| Stepping ~*~*~tactically~*~*~ (hiding).
  2382 | D:3      | 2382 ||| UPGRADING to +0 pair of boots.
  2387 | D:3      | 2387 ||| READING scroll labelled RUETWE YTYPT.
  2392 | D:3      | 2392 ||| DRINKING 2 silvery potions.
  2512 | D:4      | Reached skill level 1 in Throwing
  2563 | D:4      | 2563 ||| Stepping ~*~*~tactically~*~*~ (stealth).
  2610 | D:4      | Reached XP level 6. HP: 38/38 MP: 6/6
  2622 | D:4      | Found Verph's Armour Shoppe.
  2622 | D:4      | Noticed an animated plate armour
  2624 | D:4      | Noticed an animated storm dragon scales
  2634 | D:4      | 2634 ||| SHOPLISTING +0 plate armour (299 gold, have 136).
  2634 | D:4      | 2634 ||| SHOPLISTING +1 crystal plate armour (1131 gold,
                  | have 136).
  2634 | D:4      | 2634 ||| SHOPLISTING +1 hat (143 gold, have 136).
  2666 | D:4      | 2666 ||| Stepping ~*~*~tactically~*~*~ (hiding).
  2697 | D:4      | Found a staircase to the Ecumenical Temple.
  2698 | D:4      | 2698 ||| PLANNING TEMPLE
  2698 | D:4      | 2698 ||| READING scroll labelled CUVEAS LIKUTE.
  2699 | D:4      | 2699 ||| DROPPING +0 flail.
  2700 | D:4      | 2700 ||| READING scroll labelled GYKHLI WOYNN.
  2701 | D:4      | 2701 ||| READING 3 scrolls of identify.
  2701 | D:4      | 2701 ||| IDENTIFYING fizzy brown potion
  2709 | Temple   | Entered the Ecumenical Temple
  2709 | Temple   | Found a transporter.
  2709 | Temple   | Found a transporter.
  2711 | Temple   | Found a transporter.
  2711 | Temple   | Found a transporter.
  2721 | Temple   | 2721 ||| PLANNING D:1-11
  2736 | Temple   | 2736 ||| PLANNING OKAWARU WORSHIP
  2743 | Temple   | Became a worshipper of Warmaster Okawaru
  2744 | Temple   | 2744 ||| PLANNING D:1-11
  3151 | D:4      | 3151 ||| READING scroll labelled GUXKACUUGI.
  3156 | D:5      | Entered Level 5 of the Dungeon
  3223 | D:5      | 3223 ||| Stepping ~*~*~tactically~*~*~ (hiding).
  3226 | D:5      | 3226 ||| Stepping ~*~*~tactically~*~*~ (hiding).
  3373 | D:5      | Reached skill level 6 in Axes
  3373 | D:5      | Reached XP level 7. HP: 43/43 MP: 7/7
  3502 | D:5      | Found a shadowy altar of Dithmenos.
  3509 | D:5      | Reached * piety under Okawaru
  3510 | D:5      | Reached skill level 1 in Dodging
  3561 | D:5      | 3561 ||| INVOKING Heroism.
  3628 | D:5      | Found a sacrificial altar of Ru.
  3687 | D:5      | Identified the -1 hat of the Endless Curses {rElec Int+2}
  3713 | D:5      | 3713 ||| INVOKING Heroism.
  3722 | D:5      | Reached skill level 1 in Invocations
  3748 | D:5      | 3748 ||| Stepping ~*~*~tactically~*~*~ (stealth).
  3797 | D:5      | 3797 ||| DROPPING -1 hat of the Endless Curses {rElec
                  | Int+2}.
  3798 | D:5      | 3798 ||| UPGRADING to +6 ring of dexterity.
  3799 | D:5      | 3799 ||| UPGRADING to +4 ring of slaying {mikee}.
  3800 | D:5      | 3800 ||| READING scroll labelled KOEM DUPNIT.
  3801 | D:5      | 3801 ||| READING scroll labelled CUNWELAZI.
  3802 | D:5      | 3802 ||| DRINKING 2 coppery potions.
  3803 | D:5      | 3803 ||| READING 4 scrolls of identify.
  3803 | D:5      | 3803 ||| IDENTIFYING pink potion
  3804 | D:5      | 3804 ||| READING 3 scrolls of identify.
  3804 | D:5      | 3804 ||| IDENTIFYING fuming coppery potion
  3835 | D:6      | 3835 ||| Stepping ~*~*~tactically~*~*~ (hiding).
  3864 | D:6      | 3864 ||| Stepping ~*~*~tactically~*~*~ (stealth).
  3866 | D:6      | 3866 ||| Stepping ~*~*~tactically~*~*~ (hiding).
  3867 | D:6      | 3867 ||| Stepping ~*~*~tactically~*~*~ (hiding).
  3869 | D:6      | 3869 ||| Stepping ~*~*~tactically~*~*~ (hiding).
  3884 | D:6      | 3884 ||| FLEEEEING.
  3885 | D:6      | 3885 ||| FLEEEEING.
  3888 | D:6      | 3888 ||| FLEEEEING.
  3889 | D:6      | 3889 ||| FLEEEEING.
  3890 | D:6      | 3890 ||| FLEEEEING.
  3893 | D:6      | 3893 ||| FLEEEEING.
  3894 | D:6      | 3894 ||| STAIRDANCE
  3921 | D:6      | 3921 ||| STAIRDANCE
  3977 | D:6      | 3977 ||| INVOKING Heroism.
  3986 | D:6      | Reached skill level 7 in Axes
  3986 | D:6      | Reached skill level 3 in Invocations
  3986 | D:6      | Reached XP level 8. HP: 35/48 MP: 6/10
  4060 | D:6      | 4060 ||| INVOKING Heroism.
  4162 | D:6      | 4162 ||| INVOKING Heroism.
  4196 | D:6      | 4196 ||| INVOKING Heroism.
  4241 | D:6      | Noticed Sigmund
  4242 | D:6      | 4242 ||| Stepping ~*~*~tactically~*~*~ (stealth).
  4256 | D:6      | 4256 ||| Stepping ~*~*~tactically~*~*~ (hiding).
  4259 | D:6      | 4259 ||| INVOKING Heroism.
  4265 | D:6      | Killed Sigmund
  4266 | D:6      | Reached skill level 3 in Dodging
  4510 | D:6      | Reached ** piety under Okawaru
  4616 | D:6      | 4616 ||| INVOKING Heroism.
  4996 | D:6      | Found a blossoming altar of Fedhas.
  5288 | D:6      | 5288 ||| UPGRADING to +0 plate armour.
  5298 | D:6      | 5298 ||| DROPPING +0 scale mail.
  5299 | D:6      | 5299 ||| DRINKING 3 bubbling dark potions.
  5300 | D:6      | 5300 ||| DRINKING 2 purple potions.
  5301 | D:6      | 5301 ||| DROPPING 2 potions of flight.
  5323 | D:7      | Reached XP level 9. HP: 54/54 MP: 12/12
  5326 | D:7      | 5326 ||| Stepping ~*~*~tactically~*~*~ (hiding).
  5336 | D:7      | Reached skill level 8 in Axes
  5337 | D:7      | 5337 ||| INVOKING Heroism.
  5353 | D:7      | 5353 ||| Stepping ~*~*~tactically~*~*~ (hiding).
  5355 | D:7      | 5355 ||| Stepping ~*~*~tactically~*~*~ (hiding).
  5356 | D:7      | 5356 ||| Stepping ~*~*~tactically~*~*~ (hiding).
  5388 | D:7      | 5388 ||| INVOKING Heroism.
  5394 | D:7      | Reached skill level 6 in Fighting
  5533 | D:7      | 5533 ||| INVOKING Heroism.
  5684 | D:7      | 5684 ||| INVOKING Heroism.
  5724 | D:7      | 5724 ||| INVOKING Heroism.
  5780 | D:7      | Found a white marble altar of Elyvilon.
  5797 | D:7      | 5797 ||| SWAPPING to +0 broad axe.
  5904 | D:7      | 5904 ||| INVOKING Heroism.
  6183 | D:7      | Reached skill level 9 in Axes
  6196 | D:7      | 6196 ||| READING scroll of enchant weapon.
  6196 | D:7      | 6196 ||| ENCHANTING +0 broad axe.
  6441 | D:7      | 6441 ||| DROPPING ring of flight.
  6442 | D:7      | 6442 ||| READING 2 scrolls labelled TAMUIF FUTWE.
  6543 | D:7      | 6543 ||| DRINKING 2 bubbling red potions.
  6544 | D:7      | 6544 ||| READING 6 scrolls of identify.
  6544 | D:7      | 6544 ||| IDENTIFYING red potion
  6545 | D:7      | 6545 ||| DROPPING potion of invisibility.
  6546 | D:7      | 6546 ||| DROPPING scroll of silence.
  6608 | D:8      | 6608 ||| Stepping ~*~*~tactically~*~*~ (hiding).
  6610 | D:8      | 6610 ||| Stepping ~*~*~tactically~*~*~ (hiding).
  6616 | D:8      | 6616 ||| INVOKING Heroism.
  6767 | D:8      | 6767 ||| INVOKING Heroism.
  6791 | D:8      | Reached XP level 10. HP: 63/63 MP: 13/13
  6816 | D:8      | Found a transporter.
  6817 | D:8      | Found a transporter.
  6846 | D:8      | Reached skill level 6 in Armour
  6960 | D:8      | 6960 ||| Stepping ~*~*~tactically~*~*~ (hiding).
  6963 | D:8      | 6963 ||| INVOKING Heroism.
  7132 | D:8      | Found a transporter.
  7132 | D:8      | Found a transporter.
  7134 | D:8      | Noticed a boulder beetle
  7152 | D:8      | Found a transporter.
  7155 | D:8      | Found a transporter.
  7157 | D:8      | Found a transporter.
  7216 | D:8      | Found a transporter.
  7285 | D:8      | Identified the ring "Secuyt" {rC+ rCorr}
  7289 | D:8      | Noticed qw's ghost (novice GrFi)
  7626 | D:9      | 7626 ||| DRINKING 4 potions of curing.
  7626 | D:9      | 7626 ||| (to cure confusion)
  7707 | D:9      | 7707 ||| Stepping ~*~*~tactically~*~*~ (hiding).
  7905 | D:9      | 7905 ||| INVOKING Heroism.
  7929 | D:9      | Noticed a cyclops
  7930 | D:9      | 7930 ||| INVOKING Heroism.
  7940 | D:9      | Reached skill level 10 in Axes
  7944 | D:9      | Killed a cyclops
  8027 | D:9      | Identified the staff of fire "Pisuag" {rF+ MP+9 Str+4
                  | Dex+4}
  8040 | D:9      | 8040 ||| Stepping ~*~*~tactically~*~*~ (hiding).
  8041 | D:9      | 8041 ||| INVOKING Heroism.
  8053 | D:9      | Reached *** piety under Okawaru
  8054 | D:9      | Reached skill level 3 in Throwing
  8228 | D:9      | 8228 ||| INVOKING Heroism.
  8352 | D:9      | 8352 ||| INVOKING Heroism.
  8452 | D:9      | Noticed a two-headed ogre
  8453 | D:9      | 8453 ||| INVOKING Heroism.
  8460 | D:9      | Killed a two-headed ogre
  8929 | D:10     | Entered Level 10 of the Dungeon
  8951 | D:10     | Reached skill level 11 in Axes
  8951 | D:10     | Reached XP level 11. HP: 50/68 MP: 14/14
  9051 | D:10     | Identified the +0 robe "Juzuff" {rF- Will+++ Int-3 Stlth+}
  9102 | D:10     | 9102 ||| Stepping ~*~*~tactically~*~*~ (hiding).
  9287 | D:10     | Found a hide-covered altar of Uskayaw.
  9350 | D:10     | Found a large runed translucent door.
  9351 | D:10     | Found a large runed translucent door.
  9537 | D:10     | 9537 ||| INVOKING Heroism.
  9792 | D:10     | 9792 ||| DRINKING 3 potions of curing.
  9792 | D:10     | 9792 ||| (to cure confusion)
  9930 | D:10     | Noticed a two-headed ogre
  9931 | D:10     | 9931 ||| INVOKING Heroism.
  9937 | D:10     | Killed a two-headed ogre
  9938 | D:10     | Reached skill level 9 in Fighting
 10066 | D:10     | 10066 ||| UPGRADING to +6 ring of strength.
 10068 | D:10     | 10068 ||| DROPPING +6 ring of dexterity.
 10069 | D:10     | 10069 ||| READING 8 scrolls of identify.
 10069 | D:10     | 10069 ||| IDENTIFYING ruby potion
 10102 | D:11     | 10102 ||| FLEEEEING.
 10103 | D:11     | 10103 ||| FLEEEEING.
 10104 | D:11     | 10104 ||| FLEEEEING.
 10111 | D:11     | 10111 ||| STAIRDANCE
 10168 | D:10     | 10168 ||| READING scroll labelled OTRU SAGHOREC.
 10235 | D:11     | 10235 ||| Stepping ~*~*~tactically~*~*~ (hiding).
 10237 | D:11     | 10237 ||| Stepping ~*~*~tactically~*~*~ (hiding).
 10441 | D:11     | 10441 ||| Stepping ~*~*~tactically~*~*~ (stealth).
 10449 | D:11     | Reached **** piety under Okawaru
 10482 | D:11     | Found a staircase to the Lair.
 10492 | D:11     | 10492 ||| INVOKING Heroism.
 10829 | D:11     | 10829 ||| Stepping ~*~*~tactically~*~*~ (stealth).
 11111 | D:11     | 11111 ||| INVOKING Heroism.
 11232 | D:11     | Noticed a boulder beetle
 11233 | D:11     | 11233 ||| INVOKING Heroism.
 11242 | D:11     | Killed a boulder beetle
 11428 | D:11     | 11428 ||| PLANNING LAIR
 11428 | D:11     | 11428 ||| UPGRADING to +0 pair of gloves.
 11433 | D:11     | 11433 ||| DROPPING scarf of shadows.
 11471 | Lair:1   | Entered Level 1 of the Lair of Beasts
 11473 | Lair:1   | 11473 ||| INVOKING Heroism.
 11491 | Lair:1   | Reached skill level 6 in Invocations
 11580 | Lair:1   | 11580 ||| FLEEEEING.
 11581 | Lair:1   | 11581 ||| FLEEEEING.
 11582 | Lair:1   | 11582 ||| FLEEEEING.
 11583 | Lair:1   | 11583 ||| FLEEEEING.
 11584 | Lair:1   | 11584 ||| FLEEEEING.
 11586 | Lair:1   | 11586 ||| FLEEEEING.
 11588 | Lair:1   | 11588 ||| FLEEEEING.
 11589 | Lair:1   | 11589 ||| FLEEEEING.
 11590 | Lair:1   | 11590 ||| FLEEEEING.
 11591 | Lair:1   | 11591 ||| FLEEEEING.
 11592 | Lair:1   | 11592 ||| FLEEEEING.
 11593 | Lair:1   | 11593 ||| FLEEEEING.
 11594 | Lair:1   | 11594 ||| FLEEEEING.
 11595 | Lair:1   | 11595 ||| FLEEEEING.
 11596 | Lair:1   | 11596 ||| FLEEEEING.
 11597 | Lair:1   | 11597 ||| FLEEEEING.
 11598 | Lair:1   | 11598 ||| FLEEEEING.
 11599 | Lair:1   | 11599 ||| FLEEEEING.
 11600 | Lair:1   | 11600 ||| FLEEEEING.
 11601 | Lair:1   | 11601 ||| FLEEEEING.
 11602 | Lair:1   | 11602 ||| INVOKING Heroism.
 11642 | Lair:1   | Noticed a death yak
 11643 | Lair:1   | 11643 ||| INVOKING Heroism.
 11650 | Lair:1   | Killed a death yak
 11693 | Lair:1   | 11693 ||| INVOKING Heroism.
 11702 | Lair:1   | Reached skill level 12 in Axes
 11708 | Lair:1   | Reached XP level 12. HP: 61/76 MP: 15/17
 11780 | Lair:1   | 11780 ||| Stepping ~*~*~tactically~*~*~ (stealth).
 11792 | Lair:1   | Reached skill level 6 in Shields
 11805 | Lair:1   | 11805 ||| Stepping ~*~*~tactically~*~*~ (stealth).
 11808 | Lair:1   | 11808 ||| Stepping ~*~*~tactically~*~*~ (stealth).
 11809 | Lair:1   | 11809 ||| Stepping ~*~*~tactically~*~*~ (stealth).
 11989 | Lair:1   | 11989 ||| INVOKING Heroism.
 12008 | Lair:1   | Reached ***** piety under Okawaru
 12070 | Lair:1   | 12070 ||| Stepping ~*~*~tactically~*~*~ (stealth).
 12071 | Lair:1   | 12071 ||| Stepping ~*~*~tactically~*~*~ (stealth).
 12075 | Lair:1   | 12075 ||| Stepping ~*~*~tactically~*~*~ (stealth).
 12189 | Lair:1   | 12189 ||| Stepping ~*~*~tactically~*~*~ (stealth).
 12190 | Lair:1   | 12190 ||| Stepping ~*~*~tactically~*~*~ (stealth).
 12192 | Lair:1   | 12192 ||| INVOKING Heroism.
 12202 | Lair:1   | Reached skill level 9 in Invocations
 12281 | Lair:1   | 12281 ||| INVOKING Heroism.
 12517 | Lair:1   | 12517 ||| INVOKING Heroism.
 12651 | Lair:1   | 12651 ||| DROPPING ring of see invisible.
 12652 | Lair:1   | 12652 ||| READING 8 scrolls of identify.
 12652 | Lair:1   | 12652 ||| IDENTIFYING glowing golden potion
 12653 | Lair:1   | 12653 ||| DROPPING potion of berserk rage.
 12678 | Lair:2   | Found a hole to the Spider Nest.
 12679 | Lair:2   | 12679 ||| INVOKING Heroism.
 12683 | Lair:2   | Noticed a seven-headed hydra
 12687 | Lair:2   | 12687 ||| STAIRDANCE
 12689 | Lair:2   | 12689 ||| STAIRDANCE
 12691 | Lair:2   | 12691 ||| SWAPPING to +1 war axe of flaming.
 12702 | Lair:2   | 12702 ||| STAIRDANCE
 12704 | Lair:1   | Killed a one-headed hydra
 12705 | Lair:1   | 12705 ||| SWAPPING to +1 broad axe.
 12830 | Lair:2   | 12830 ||| INVOKING Heroism.
 12921 | Lair:2   | Received a gift from Okawaru
 12975 | Lair:2   | 12975 ||| DROPPING +2 war axe of electrocution.
 12999 | Lair:2   | 12999 ||| INVOKING Heroism.
 13043 | Lair:2   | Reached skill level 13 in Axes
 13122 | Lair:2   | 13122 ||| Stepping ~*~*~tactically~*~*~ (stealth).
 13168 | Lair:2   | 13168 ||| FLEEEEING.
 13169 | Lair:2   | 13169 ||| FLEEEEING.
 13170 | Lair:2   | 13170 ||| FLEEEEING.
 13209 | Lair:2   | 13209 ||| INVOKING Heroism.
 13300 | Lair:2   | 13300 ||| INVOKING Heroism.
 13307 | Lair:2   | Reached skill level 9 in Armour
 13352 | Lair:2   | 13352 ||| Stepping ~*~*~tactically~*~*~ (stealth).
 13354 | Lair:2   | 13354 ||| Stepping ~*~*~tactically~*~*~ (hiding).
 13364 | Lair:2   | Reached XP level 13. HP: 82/82 MP: 20/20
 13481 | Lair:2   | 13481 ||| INVOKING Heroism.
 13482 | Lair:2   | 13482 ||| INVOKING Finesse.
 13486 | Lair:2   | 13486 ||| SWAPPING to +1 war axe of flaming.
 13490 | Lair:2   | 13490 ||| SWAPPING to +1 broad axe.
 13536 | Lair:2   | 13536 ||| Stepping ~*~*~tactically~*~*~ (stealth).
 13537 | Lair:2   | 13537 ||| Stepping ~*~*~tactically~*~*~ (stealth).
 13642 | Lair:2   | 13642 ||| INVOKING Heroism.
 13715 | Lair:2   | 13715 ||| DRINKING 3 potions of curing.
 13715 | Lair:2   | 13715 ||| (to cure confusion)
 13716 | Lair:2   | 13716 ||| INVOKING Heroism.
 13718 | Lair:2   | 13718 ||| READING 7 scrolls of identify.
 13718 | Lair:2   | 13718 ||| IDENTIFYING smoky green potion
 13720 | Lair:2   | 13720 ||| PLANNING LAIR
 13722 | Lair:2   | 13722 ||| DROPPING potion of ambrosia.
 13853 | Lair:2   | 13853 ||| Stepping ~*~*~tactically~*~*~ (stealth).
 13937 | Lair:2   | 13937 ||| PLANNING LAIR
 14181 | Lair:3   | Found a staircase to the Swamp.
 14210 | Lair:3   | 14210 ||| Stepping ~*~*~tactically~*~*~ (stealth).
 14213 | Lair:3   | 14213 ||| Stepping ~*~*~tactically~*~*~ (stealth).
 14214 | Lair:3   | 14214 ||| Stepping ~*~*~tactically~*~*~ (stealth).
 14215 | Lair:3   | 14215 ||| INVOKING Heroism.
 14220 | Lair:3   | 14220 ||| Stepping ~*~*~tactically~*~*~ (stealth).
 14281 | Lair:3   | 14281 ||| INVOKING Heroism.
 14390 | Lair:3   | 14390 ||| Stepping ~*~*~tactically~*~*~ (stealth).
 14392 | Lair:3   | 14392 ||| INVOKING Heroism.
 14396 | Lair:3   | 14396 ||| SWAPPING to +1 war axe of flaming.
 14400 | Lair:3   | Reached skill level 14 in Axes
 14400 | Lair:3   | 14400 ||| SWAPPING to +1 broad axe.
 14505 | Lair:3   | 14505 ||| Stepping ~*~*~tactically~*~*~ (stealth).
 14519 | Lair:3   | Received a gift from Okawaru
 15106 | Lair:3   | 15106 ||| UPGRADING to amulet of the acrobat.
 15194 | Lair:4   | 15194 ||| Stepping ~*~*~tactically~*~*~ (stealth).
 15195 | Lair:4   | 15195 ||| Stepping ~*~*~tactically~*~*~ (stealth).
 15289 | Lair:4   | 15289 ||| INVOKING Heroism.
 15291 | Lair:4   | 15291 ||| SWAPPING to +1 war axe of flaming.
 15297 | Lair:4   | 15297 ||| SWAPPING to +1 broad axe.
 15306 | Lair:4   | 15306 ||| READING scroll of enchant weapon.
 15306 | Lair:4   | 15306 ||| ENCHANTING +1 broad axe.
 15350 | Lair:4   | Found a viscous altar of Jiyva.
 15352 | Lair:4   | 15352 ||| Stepping ~*~*~tactically~*~*~ (hiding).
 15352 | Lair:4   | Found a staircase to the Slime Pits.
 15353 | Lair:4   | 15353 ||| Stepping ~*~*~tactically~*~*~ (hiding).
 15476 | Lair:4   | 15476 ||| Stepping ~*~*~tactically~*~*~ (stealth).
 15490 | Lair:4   | 15490 ||| INVOKING Heroism.
 15775 | Lair:4   | 15775 ||| Stepping ~*~*~tactically~*~*~ (stealth).
 15789 | Lair:4   | Received a gift from Okawaru
 16095 | Lair:5   | Entered Level 5 of the Lair of Beasts
 16096 | Lair:5   | 16096 ||| INVOKING Heroism.
 16121 | Lair:5   | 16121 ||| INVOKING Finesse.
 16128 | Lair:5   | HP: 21/84 [elephant (10)]
 16129 | Lair:5   | 16129 ||| READING 4 scrolls of teleportation.
 16130 | Lair:5   | 16130 ||| DRINKING 6 potions of heal wounds.
 16257 | Lair:5   | Noticed Sonja
 16258 | Lair:5   | 16258 ||| Stepping ~*~*~tactically~*~*~ (hiding).
 16259 | Lair:5   | 16259 ||| Stepping ~*~*~tactically~*~*~ (hiding).
 16260 | Lair:5   | 16260 ||| Stepping ~*~*~tactically~*~*~ (hiding).
 16261 | Lair:5   | 16261 ||| Stepping ~*~*~tactically~*~*~ (hiding).
 16264 | Lair:5   | 16264 ||| INVOKING Finesse.
 16277 | Lair:5   | 16277 ||| INVOKING Heroism.
 16282 | Lair:5   | Killed Sonja
 16508 | Lair:5   | 16508 ||| INVOKING Heroism.
 16572 | Lair:5   | 16572 ||| INVOKING Heroism.
 16580 | Lair:5   | Gained mutation: Your large and strong wings let you fly.
                  | [Gargoyle growth]
 16580 | Lair:5   | Reached XP level 14. HP: 90/90 MP: 19/21
 16606 | Lair:5   | 16606 ||| Stepping ~*~*~tactically~*~*~ (stealth).
 16729 | Lair:5   | 16729 ||| READING scroll of enchant weapon.
 16729 | Lair:5   | 16729 ||| ENCHANTING +2 broad axe.
 16745 | Lair:5   | 16745 ||| READING scroll of enchant weapon.
 16745 | Lair:5   | 16745 ||| ENCHANTING +3 broad axe.
 16757 | Lair:5   | Reached skill level 15 in Axes
 16764 | Lair:5   | Received a gift from Okawaru
 16867 | Lair:5   | 16867 ||| FLEEEEING.
 16868 | Lair:5   | 16868 ||| FLEEEEING.
 16869 | Lair:5   | 16869 ||| FLEEEEING.
 16870 | Lair:5   | 16870 ||| FLEEEEING.
 16873 | Lair:5   | 16873 ||| FLEEEEING.
 16874 | Lair:5   | 16874 ||| FLEEEEING.
 16875 | Lair:5   | 16875 ||| FLEEEEING.
 16876 | Lair:5   | 16876 ||| FLEEEEING.
 16877 | Lair:5   | 16877 ||| FLEEEEING.
 16878 | Lair:5   | 16878 ||| FLEEEEING.
 16879 | Lair:5   | 16879 ||| FLEEEEING.
 16880 | Lair:5   | 16880 ||| FLEEEEING.
 16881 | Lair:5   | 16881 ||| FLEEEEING.
 16882 | Lair:5   | 16882 ||| FLEEEEING.
 16883 | Lair:5   | 16883 ||| FLEEEEING.
 16884 | Lair:5   | 16884 ||| STAIRDANCE
 16986 | Lair:4   | 16986 ||| READING scroll labelled RAMUF EGICO.
 16993 | Lair:5   | 16993 ||| INVOKING Heroism.
 17038 | Lair:5   | HP: 6/91 [spriggan rider/+0 spear (19)]
 17039 | Lair:5   | 17039 ||| READING 3 scrolls of teleportation.
 17040 | Lair:5   | 17040 ||| DRINKING 5 potions of heal wounds.
 17282 | Lair:5   | 17282 ||| INVOKING Heroism.
 17292 | Lair:5   | Reached skill level 12 in Fighting
 17347 | Lair:5   | 17347 ||| INVOKING Heroism.
 17348 | Lair:5   | 17348 ||| Stepping ~*~*~tactically~*~*~ (stealth).
 17426 | Lair:5   | 17426 ||| Stepping ~*~*~tactically~*~*~ (stealth).
 17432 | Lair:5   | 17432 ||| INVOKING Heroism.
 17488 | Lair:5   | 17488 ||| INVOKING Heroism.
 17489 | Lair:5   | Received a gift from Okawaru
 17581 | Lair:5   | 17581 ||| INVOKING Heroism.
 17616 | Lair:5   | 17616 ||| Stepping ~*~*~tactically~*~*~ (stealth).
 17618 | Lair:5   | 17618 ||| Stepping ~*~*~tactically~*~*~ (stealth).
 17620 | Lair:5   | 17620 ||| Stepping ~*~*~tactically~*~*~ (stealth).
 17651 | Lair:5   | 17651 ||| Stepping ~*~*~tactically~*~*~ (stealth).
 17745 | Lair:5   | 17745 ||| INVOKING Heroism.
 17820 | Lair:5   | 17820 ||| Stepping ~*~*~tactically~*~*~ (stealth).
 17939 | Lair:5   | 17939 ||| Stepping ~*~*~tactically~*~*~ (stealth).
 18049 | Lair:5   | 18049 ||| INVOKING Heroism.
 18192 | Lair:5   | 18192 ||| INVOKING Heroism.
 18381 | Lair:5   | 18381 ||| PLANNING D
 18381 | Lair:5   | 18381 ||| UPGRADING to +3 plate armour of poison
                  | resistance.
 18391 | Lair:5   | 18391 ||| DROPPING +0 plate armour.
 18643 | D:12     | Found a staircase to the Orcish Mines.
 18748 | D:12     | 18748 ||| Stepping ~*~*~tactically~*~*~ (stealth).
 18838 | D:12     | 18838 ||| Stepping ~*~*~tactically~*~*~ (stealth).
 18928 | D:12     | 18928 ||| READING scroll of enchant armour.
 18928 | D:12     | 18928 ||| ENCHANTING +0 pair of gloves.
 18937 | D:12     | Reached skill level 16 in Axes
 19186 | D:12     | 19186 ||| Stepping ~*~*~tactically~*~*~ (hiding).
 19190 | D:12     | 19190 ||| INVOKING Heroism.
 19616 | D:13     | 19616 ||| STAIRDANCE
 19618 | D:12     | 19618 ||| INVOKING Heroism.
 19771 | D:13     | 19771 ||| STAIRDANCE
 19847 | D:13     | 19847 ||| INVOKING Heroism.
 19979 | D:13     | 19979 ||| INVOKING Heroism.
 19982 | D:13     | 19982 ||| SWAPPING to +1 war axe of flaming.
 19988 | D:13     | 19988 ||| SWAPPING to +4 broad axe.
 20255 | D:13     | Found a gate to the Vaults.
 20264 | D:13     | 20264 ||| INVOKING Heroism.
 20389 | D:13     | 20389 ||| READING scroll of enchant weapon.
 20389 | D:13     | 20389 ||| ENCHANTING +4 broad axe.
 20606 | D:13     | 20606 ||| READING scroll labelled DEFERRASEOG.
 20665 | D:14     | 20665 ||| READING scroll of enchant armour.
 20665 | D:14     | 20665 ||| ENCHANTING +1 pair of gloves.
 20709 | D:14     | 20709 ||| Stepping ~*~*~tactically~*~*~ (hiding).
 20710 | D:14     | 20710 ||| Stepping ~*~*~tactically~*~*~ (hiding).
 20712 | D:14     | 20712 ||| Stepping ~*~*~tactically~*~*~ (hiding).
 20713 | D:14     | 20713 ||| Stepping ~*~*~tactically~*~*~ (hiding).
 20916 | D:14     | 20916 ||| INVOKING Heroism.
 20917 | D:14     | 20917 ||| Stepping ~*~*~tactically~*~*~ (stealth).
 20931 | D:14     | Reached XP level 15. HP: 96/96 MP: 22/22
 21093 | D:14     | Noticed Frances
 21094 | D:14     | 21094 ||| Stepping ~*~*~tactically~*~*~ (hiding).
 21096 | D:14     | 21096 ||| Stepping ~*~*~tactically~*~*~ (hiding).
 21099 | D:14     | 21099 ||| INVOKING Heroism.
 21100 | D:14     | 21100 ||| Stepping ~*~*~tactically~*~*~ (hiding).
 21119 | D:14     | HP: 20/96 [Frances/shard of ice (23)]
 21120 | D:14     | 21120 ||| READING 5 scrolls of teleportation.
 21120 | D:14     | HP: 7/96 [Frances/shard of ice (14)]
 21121 | D:14     | 21121 ||| DRINKING 7 potions of heal wounds.
 21126 | D:14     | Noticed Roxanne
 21137 | D:14     | 21137 ||| INVOKING Heroism.
 21143 | D:14     | Killed Roxanne
 21335 | D:14     | 21335 ||| Stepping ~*~*~tactically~*~*~ (stealth).
 21368 | D:14     | 21368 ||| INVOKING Heroism.
 21541 | D:14     | Noticed Josephine
 21552 | D:14     | Killed Josephine
 21552 | D:14     | Received a gift from Okawaru
 21553 | D:14     | Reached skill level 17 in Axes
 21676 | D:14     | 21676 ||| INVOKING Heroism.
 21691 | D:14     | HP: 16/95 [Frances/shard of ice (16)]
 21692 | D:14     | 21692 ||| READING 4 scrolls of teleportation.
 21692 | D:14     | Killed from afar by Frances

Levels and vault maps discovered:
D:1:      enne_arrival_octagon_isle, layout_loops_ring, grunt_decor_fettered
D:2:      layout_rooms, grunt_ministairs_14, uniq_natasha
D:3:      layout_basic, trog_three_pillars_becter, grunt_gozag_statues
D:4:      layout_basic, minmay_temple_entry_crystal_x, serial_shops,
          nicolae_shop_mannequins
D:5:      layout_rooms, general_overflow_altar, nicolae_ru_sacrificial_ziggurat,
          eino_small_chamber_without_monster, roderic_batcave,
          chequers_decorated_corner, glass_columns_c, serial_park_tiny_1,
          minmay_misc_feat_rows
D:6:      layout_layer_cave, fedhas_altar_4, uniq_sigmund
D:7:      hangedman_cross_stitches, layout_cave_pods, elyvilon_altar_3
D:8:      gammafunk_boulding_lane, layout_loops_ring,
          gammafunk_ghost_gnarly_gnolls, nicolae_diode_quadrants
D:9:      nzn_winding_woodlands_cross [nzn_winding_woodlands_5x15_concentric,
          nzn_winding_woodlands_5x15_eye,
          nzn_winding_woodlands_5x15_pathside_ponds,
          nzn_winding_woodlands_5x15_pockets,
          nzn_winding_woodlands_15x15_eel_pit], layout_basic
D:10:     layout_roguey, mainiacjoe_overflow_alcove_4, jmf_multi_god_temple2
D:11:     layout_layer_cave, due_lair_maze_entry_diamond,
          hangedman_decor_slide_cut, nzn_sisyphean_effort
D:12:     cheibrodos_orc_bank, layout_irregular_city, david_orc_1_choice
D:13:     layout_cave_pools, erik_vaults_1
D:14:     layout_long_grid, kennysheep_boxes, uniq_frances, uniq_roxanne,
          uniq_louise, uniq_josephine
Temple:   hellmonk_temple_divided_pantheon
Lair:1:   layout_regular_city
Lair:2:   beast_lair_carwin_large_3, layout_small_grid,
          nicolae_spider_entry_lesser_pyramids, disabler_island,
          serial_bayou_shore_b
Lair:3:   layout_cave_pods, swamp_mist, grunt_forest_stairs_basic,
          lemuel_fruit_fields
Lair:4:   layout_loops_ring, nicolae_slime_entry_slimehenge
Lair:5:   minmay_lair_end_enchanted_forest, layout_cave_pods, uniq_sonja

Skill      XL: |  1  2  3  4  5  6  7  8  9 10 11 12 13 14 15 |
---------------+----------------------------------------------+-----
Axes           | 2 3 4 5 6 7 9 11 12 13 14 16 17 | 17.0
Throwing       | 1 2 3 4 |  4.4
Fighting       | 4 5 7 8 9 10 11 12 | 12.1
Dodging        | 1 3 |  3.0
Invocations    | 3 4 7 10 | 10.0
Armour         | 5 6 8 9 10 11 | 11.1
Shields        | 4 5 6 7 8 |  8.0

Action                     |  1- 3 |  4- 6 |  7- 9 | 10-12 | 13-15 || total
---------------------------+-------+-------+-------+-------+-------++-------
  Melee: War axe           |    77 |   133 |   141 |    11 |    15 ||   377
         Broad axe         |       |       |    79 |   401 |   765 ||  1245
  Throw: Javelin           |       |    20 |    25 |     5 |    20 ||    70
         Boomerang         |       |       |     3 |   117 |    49 ||   169
 Invoke: Heroism           |       |       |    16 |    25 |    31 ||    72
         Finesse           |       |       |       |       |     3 ||     3
    Use: Scroll            |     2 |    10 |     7 |     3 |    13 ||    35
         Potion            |       |     2 |     4 |     2 |     4 ||    12
   Stab: Petrified         |       |       |       |       |     4 ||     4
         Petrifying        |       |       |       |       |     2 ||     2
 Armour: Scale mail        |    32 |    58 |    58 |       |       ||   148
         Plate armour      |       |       |    87 |   270 |   428 ||   785
  Dodge: Dodged            |    37 |    54 |   136 |   157 |   250 ||   634
  Block: Buckler           |    16 |    20 |    76 |    93 |   154 ||   359

Table legend:
 A = Non-vault XP
 B = Vault XP
 C = Vault XP percentage of total XP
 D = Non-vault monster count
 E = Vault monster count
 F = Vault count percentage of total count
                 A         B        C        D         E       F
            +---------+---------+-------+---------+---------+-------
      Total |   71751 |   23410 |  24.6 |     365 |     141 |  27.9
            +---------+---------+-------+---------+---------+-------
        D:1 |      29 |       0 |   0.0 |      16 |       0 |   0.0
        D:2 |     108 |      39 |  26.5 |      19 |       3 |  13.6
        D:3 |     119 |       0 |   0.0 |      17 |       0 |   0.0
        D:4 |     236 |       0 |   0.0 |      14 |       0 |   0.0
        D:5 |     404 |     118 |  22.6 |      10 |       8 |  44.4
        D:6 |    1085 |     214 |  16.5 |      25 |       1 |   3.8
        D:7 |    1076 |     430 |  28.6 |      16 |       9 |  36.0
        D:8 |     997 |       0 |   0.0 |      23 |       0 |   0.0
        D:9 |    2109 |    2093 |  49.8 |      25 |      11 |  30.6
       D:10 |    2004 |       0 |   0.0 |      11 |       0 |   0.0
       D:11 |    1591 |    1963 |  55.2 |       7 |      10 |  58.8
       D:12 |    6054 |    1597 |  20.9 |      19 |      29 |  60.4
       D:13 |    2759 |    1654 |  37.5 |       6 |       2 |  25.0
       D:14 |    8793 |    2994 |  25.4 |      19 |       5 |  20.8
     Lair:1 |   11448 |       0 |   0.0 |      42 |       0 |   0.0
     Lair:2 |    5847 |    2959 |  33.6 |      24 |      14 |  36.8
     Lair:3 |    4380 |       0 |   0.0 |      12 |       0 |   0.0
     Lair:4 |    6351 |     177 |   2.7 |      20 |       7 |  25.9
     Lair:5 |   16361 |    9172 |  35.9 |      40 |      42 |  51.2
            +---------+---------+-------+---------+---------+-------
